 Dungeon Crawl Stone Soup version 0.17.0-1-g61d176b (webtiles) character file.

720175 HungrySpirit the Bringer of Light (level 27, -27/261 (264) HPs)
             Began as a Minotaur Fighter on Nov 7, 2015.
             Was the Champion of the Shining One.
             Killed from afar by a Brimstone Fiend (47 damage)
             ... with a blast of hellfire
             ... on level 7 of the Iron City of Dis.
             The game lasted 03:41:05 (65944 turns).

HungrySpirit the Bringer of Light (MiFi)           Turns: 65944, Time: 03:41:05

HP:   -27/261 (264) AC: 41    Str: 35    XL:     27
MP:   39/48         EV: 36    Int:  8    God:    the Shining One [******]
Gold: 7483          SH:  0    Dex: 31    Spells: 0 memorised, 26 levels left

rFire  + . .     SeeInvis +     R - +9 executioner's axe (holy)
rCold  + . .     Clarity  .     W - +6 gold dragon armour
rNeg   + + +     SustAt   .     (shield currently unavailable)
rPois  +         Gourm    .     n - +2 hat {SInv}
rElec  +         Spirit   .     a - +0 cloak of the Salmon {rElec Int-3 Dex+11 Stlth+}
rCorr  +         Warding  .     u - +2 pair of gloves
rMut   +         Stasis   .     X - +0 pair of boots "Xoso Mink" {rF- MR++ rCorr MP+9}
MR     ++++.                    s - amulet of resist mutation
Stlth  ..........               f - +3 ring of slaying
                                c - ring "Osol" {rElec rPois rF+ Int+5 Dex+2}

@: mighty, agile, glowing, studying Evocations, incredibly resistant to hostile
enchantments, extremely unstealthy
A: retaliatory headbutt, horns 2, blink, MP-powered wands
a: Blink, Divine Shield, Cleansing Flame, Summon Divine Warrior, Renounce
Religion
}: 4/15 runes: barnacled, slimy, silver, gossamer


You were on level 7 of the Iron City of Dis.
You worshipped the Shining One.
The Shining One was exalted by your worship.
You were not hungry.

You visited 15 branches of the dungeon, and saw 72 of its levels.
You visited the Abyss 1 time.
You visited 1 bazaar.
You also visited: Labyrinth, Trove, Bailey and Volcano.

You collected 9620 gold pieces.
You spent 2137 gold pieces at shops.

Inventory:

Hand Weapons
 P - the +6 executioner's axe of Grandeur {chop, Int+6}
   (Okawaru gifted it to you on level 1 of the Vaults)

   It inflicts extra damage upon your enemies.
   It affects your intelligence (+6).
 R - a +9 executioner's axe of holy wrath (weapon)
Armour
 a - the +0 cloak of the Salmon (worn) {rElec Int-3 Dex+11 Stlth+}
   (You acquired it in a bailey)

   It affects your intelligence (-3).
   It affects your dexterity (+11).
   It insulates you from electricity.
   It makes you more stealthy.
 n - a +2 hat of see invisible (worn)
 u - a +2 pair of gloves (worn)
 S - a +2 pair of boots of running
 W - a +6 gold dragon armour (worn)
 X - the +0 pair of boots "Xoso Mink" (worn) {rF- MR++ rCorr MP+9}
   (Okawaru gifted it to you on level 3 of the Shoals)

   It makes you vulnerable to fire.
   It affects your resistance to hostile enchantments.
   It affects your magic capacity (+9).
   It protects you from acid and corrosion.
Jewellery
 b - an uncursed ring of protection from fire
 c - the ring "Osol" (left hand) {rElec rPois rF+ Int+5 Dex+2}
   (You bought it in a shop on level 2 of the Orcish Mines)

   [ring of protection from fire]

   It affects your intelligence (+5).
   It affects your dexterity (+2).
   It protects you from fire.
   It insulates you from electricity.
   It protects you from poison.
 f - a +3 ring of slaying (right hand)
 q - a cursed ring of flight
 s - an amulet of resist mutation (around neck)
 G - the ring "Omechir" {rF+ rN+}
   (You found it on level 3 of the Crypt)

   [ring of positive energy]

   It protects you from fire.
   It protects you from negative energy.
 U - the ring "Suoffaen" {Ice Str+4 Int+4}
   (You found it on level 6 of the Lair of Beasts)

   [ring of ice]

   It enhances your ice magic, and weakens your fire magic.
   It affects your strength (+4).
   It affects your intelligence (+4).
   It makes you vulnerable to fire.
   It protects you from cold.
Wands
 K - a wand of teleportation (3)
 V - a wand of disintegration (9)
 Y - a wand of heal wounds (2)
 Z - a wand of digging (4)
Scrolls
 g - a scroll of holy word
 j - 10 scrolls of identify
 k - 30 scrolls of remove curse
 m - 4 scrolls of silence
 x - 9 scrolls of recharging
 y - 9 scrolls of amnesia
 C - 4 scrolls of magic mapping
 E - 11 scrolls of fog
 F - 2 scrolls of summoning
 H - 19 scrolls of teleportation
 J - 3 scrolls of blinking
 L - a scroll of brand weapon
 Q - 6 scrolls of fear
 T - 3 scrolls of enchant armour
Potions
 d - 5 potions of might
 h - 6 potions of cancellation
 i - 7 potions of agility
 o - 6 potions of flight
 p - 5 potions of haste
 t - 10 potions of lignification
 v - 9 potions of brilliance
 w - 6 potions of resistance
 z - 7 potions of magic
 A - 13 potions of curing
 I - a potion of heal wounds
 N - 4 potions of cure mutation
 O - 10 potions of berserk rage
Books
 l - a manual of Evocations
Comestibles
 e - 17 bread rations
 B - 22 meat rations


   Skills:
 - Level 24.5 Fighting
 - Level 26.2 Axes
 - Level 24.6 Armour
 - Level 22.7 Dodging
   Level 3.6 Shields
 * Level 26.8 Invocations


You had 26 spell levels left.
You didn't know any spells.

Dungeon Overview and Level Annotations

Branches:
Dungeon (15/15)            Temple (1/1) D:7            Lair (8/8) D:8
 Shoals (4/4) Lair:6       Spider (4/4) Lair:4        Slime (6/6) Lair:8
    Orc (4/4) D:11            Elf (3/3) Orc:4        Vaults (5/5) D:14
  Crypt (3/3) Vaults:2       Tomb (1/3) Crypt:3      Depths (5/5) D:15
   Hell (1/1)                 Dis (7/7) Hell            Zot (5/5) Depths:5
    Geh: Hell:1         Coc: Hell:1         Tar: Hell:1

Altars:
Ashenzari
Cheibriados
Dithmenos
Elyvilon
Fedhas
Gozag
Kikubaaqudgha
Makhleb
Nemelex Xobeh
Okawaru
Qazlal
Ru
Sif Muna
Trog
Vehumet
Xom
Yredelemnul
Zin
The Shining One
Beogh
Jiyva
Lugonu

Shops:
D:11 (   Orc:2 =   Orc:3 :   Orc:4 [(!!   Shoals:2 (   Depths:1 (

Portals:
Hell: Depths:1 Depths:2 Depths:3 Depths:4 Depths:5
Abyss: Depths:4*
Pandemonium: Depths:1 Depths:3
Ziggurat: Depths:4

Annotations:
Shoals:4 exclusion: upstairs
Elf:2 3 runed doors
Dis:3 14 runed doors


Innate Abilities, Weirdness & Mutations

You reflexively headbutt those who attack you in melee.
You have a pair of horns on your head.
You can translocate small distances at will.
You expend magic power (3 MP) to strengthen your wands.


Message History

Unknown command.
Unknown command.
Press: ? - help, v - describe, . - travel
Here: Dispater, wielding a golden staff (almost dead, haloed)
The floor.
The golden flame engulfs you! You resist.
The golden flame engulfs Dispater.
Dispater writhes in agony!
You kill Dispater!
The Shining One accepts your kill.
The Shining One blesses your daeva with more time in this world.
The golden flame engulfs your daeva.
Your daeva appears unharmed.
Your daeva is almost dead.
The golden flame engulfs the Brimstone Fiend.
The Brimstone Fiend writhes in agony!
The Brimstone Fiend is heavily wounded.
You feel somewhat more hungry. The Brimstone Fiend gestures at you.
The hellfire explodes!
The blast of hellfire engulfs you!
You die...

#.......#...........#.......#
#.......###.......###.......#
#.......#.......... #.......#
#....####.......... ####....#
#....#.....#######. #....#
#....#.....#.....# #....#
#....#..####.....#### #....#
#....#..#.......A...# #....#
#....#..#.....1)@...# #....#
#....#..#..###'###..# #....#
#....#..#..#$$ #..# #....#
'....#..#..#$ #..# #....#
#....#..#..# #..# #....#
#....#..#..# #..# .#....#
#....#..#..# #..#..#....#
#....#..'..#######..'..#....#
#....####...........####....#


You could see a Brimstone Fiend and a friendly daeva.

Vanquished Creatures
  the royal jelly (Slime:6)
  Dispater (Dis:7)
  The ghost of crauler the Slayer, a legendary OgWr of Ashenzari (Slime:6)
  An ancient lich (Vaults:5)
  Mara (Crypt:1)
  3 juggernauts
  4 greater mummies (Dis:4)
  Margery (Vaults:2)
  Norris (D:14)
  3 curse toes
  A Killer Klown (Zot:3)
  Geryon (Hell)
  7 golden dragons
  Jory (Crypt:1)
  3 bone dragons
  A profane servitor (Crypt:3)
  Xtahua (Vaults:4)
  Arachne (Spider:4)
  2 Brimstone Fiends
  2 electric golems
  Jorgrun (Vaults:4)
  19 tentacled monstrosities
  Rupert (Orc:3)
  8 Hell Sentinels (Dis:7)
  4 liches
  3 Ice Fiends
  The ghost of ventricule the Shatterer, an adept OgBe of Trog (Shoals:4)
  Asterion (Spider:1)
  15 acid blobs
  9 deep elf blademasters
  6 deep elf master archers
  3 quicksilver dragons
  18 titans
  The ghost of UristPineapples the Severer, an adept DDFi of Makhleb (Slime:5)
  2 Shadow Fiends
  2 Executioners
  2 sphinxes
  A tentacled starspawn (Abyss:1)
  3 ancient champions (Crypt:3)
  6 tengu reavers
  Agnes (D:14)
  14 storm dragons
  Frances (Spider:1)
  Kirke (D:12)
  A revenant (Crypt:3)
  8 shadow dragons
  14 death cobs
  7 draconian monks
  Ilsuiw (Shoals:4)
  9 deep elf sorcerers
  18 fire giants
  7 azure jellies
  14 vault wardens
  17 frost giants
  12 iron dragons
  Maud (Lair:7)
  2 draconian knights
  11 cacodemons
  3 draconian scorchers
  A balrug (Dis:7)
  A curse skull (Crypt:3)
  9 ghouls
  4 emperor scorpions (Spider:4)
  2 draconian zealots
  4 ghost moths (Spider:4)
  An orc warlord (Orc:4)
  4 draconian shifters
  17 ironheart preservers
  2 draconian annihilators
  34 reapers
  2 spriggan defenders (Depths:3)
  24 stone giants
  6 war gargoyles
  10 very ugly things
  A salamander firebrand (Hell)
  2 draconian callers (Zot:1)
  5 vampire knights
  8 green draconians
  3 lorocyprocas
  10 deep elf demonologists
  14 white draconians
  Azrael (D:14)
  11 black draconians
  A salamander stormcaller (D:14)
  7 mottled draconians
  2 blizzard demons
  10 yellow draconians
  11 red draconians
  10 deep elf annihilators
  14 deep elf death magi
  2 green deaths (Dis:1)
  3 merfolk javelineers
  24 vault guards
  9 purple draconians
  Snorg (Orc:2)
  A minotaur (Lab)
  16 ettins
  6 mummy priests (Dis:4)
  9 death oozes (Slime:6)
  4 quicksilver dragon zombies
  15 great orbs of eyes
  11 merfolk impalers
  14 yaktaur captains
  7 entropy weavers
  16 jiangshi
  Josephine (Lair:7)
  10 fire dragons
  A spectral golden dragon (Crypt:3)
  6 deep elf high priests
  13 ice dragons
  Fannar (D:10)
  9 hydras
  Harold (D:10)
  2 catoblepae
  A monstrous demonspawn (Depths:3)
  A catoblepas (shapeshifter) (Vaults:3)
  4 hell beasts
  2 spriggan air magi
  5 death knights
  5 merfolk avatars
  16 ogre magi
  A merfolk aquamancer (Shoals:3)
  4 satyrs
  2 rakshasas
  5 tengu warriors
  11 centaur warriors
  6 deep troll earth magi
  8 deep troll shamans
  A dancing weapon (Vaults:5)
  4 vampire magi
  20 death yaks
  2 storm dragon zombies
  2 titan zombies
  An orc high priest (Orc:4)
  2 hell hogs (Dis:3)
  5 soul eaters
  A sun demon (Hell)
  9 hell knights
  Sonja (D:14)
  A titan skeleton (Crypt:1)
  Nergalle (Orc:4)
  26 deep elf knights
  4 spriggan berserkers
  13 iron trolls
  A fire crab (shapeshifter) (Vaults:2)
  4 iron golems
  A wretched star (Abyss:1)
  2 wizards
  6 shadow wraiths
  3 death drakes (Depths:5)
  A spatial maelstrom (Abyss:1)
  12 sea snakes
  66 skeletal warriors
  2 golden dragon zombies
  The ghost of dorian the Agent of Entropy, a novice DsAK of Lugonu (D:8)
  15 ice devils
  11 flayed ghosts
  10 unseen horrors
  5 phantasmal warriors
  4 giant orange brains
  A kraken simulacrum (Shoals:4)
  3 anaconda zombies
  6 necromancers
  15 deep elf summoners
  A torturous demonspawn (Depths:3)
  4 shadow dragon zombies
  34 deep trolls
  3 lindwurms (Depths:5)
  21 deep elf conjurers
  7 hill giants
  An anaconda skeleton (Crypt:1)
  A harpy (shapeshifter) (Elf:3)
  12 orc knights
  13 ironbrand convokers
  A sphinx zombie (Depths:2)
  40 ugly things
  4 iron dragon zombies
  9 hornets
  13 orb spiders
  A hornet (shapeshifter) (Vaults:5)
  3 frost giant zombies
  32 wolf spiders
  13 manticores
  2 worldbinders (Abyss:1)
  11 fauns
  5 orc sorcerers
  A shining eye (shapeshifter) (Depths:3)
  10 griffons
  20 moths of wrath
  8 harpies
  4 human zombies
  A sixfirhy (Hell)
  5 water nymphs
  5 fire giant zombies
  4 stone giant zombies
  7 sirens
  40 rust devils
  7 shining eyes
  14 cyclopes
  7 black mambas
  An octopode (shapeshifter) (Vaults:2)
  Maurice (D:11)
  A dire elephant zombie (Dis:4)
  5 eyes of devastation
  20 vault sentinels
  3 frost giant skeletons
  3 shock serpent zombies
  A storm dragon simulacrum (Crypt:1)
  A guardian serpent (Elf:2)
  A stone giant skeleton (Dis:4)
  A torpor snail (Spider:1)
  Psyche (D:8)
  18 spiny frogs
  An alligator snapping turtle zombie (Crypt:1)
  7 smoke demons
  An elephant slug zombie (Crypt:1)
  An emperor scorpion zombie (Dis:7)
  A shock serpent skeleton (Crypt:1)
  An ancient zyme (Abyss:1)
  6 kobold demonologists
  A catoblepas zombie (Dis:7)
  3 centaur skeletons
  9 komodo dragons
  A spiny frog (shapeshifter) (Vaults:3)
  4 gargoyles
  19 hellions
  An efreet (Abyss:2)
  11 demonic crawlers
  2 yaktaurs (shapeshifter)
  A guardian mummy (Dis:4)
  4 hydra zombies
  A purple draconian skeleton (Crypt:1)
  A yaktaur skeleton (Vaults:5)
  A harpy zombie (Dis:7)
  4 tengu conjurers
  28 tormentors
  11 red devils
  A mottled draconian skeleton (Crypt:2)
  55 yaktaurs
  9 fire drakes
  15 blue devils
  8 polar bears (Lair:8)
  25 merfolk
  6 wind drakes
  4 snapping turtles
  11 freezing wraiths
  14 deep elf priests
  7 trolls
  A troll (shapeshifter) (Vaults:3)
  A hydra skeleton (Dis:6)
  A minotaur skeleton (Crypt:2)
  2 death drake skeletons
  2 ice dragon zombies (Dis:6)
  22 jumping spiders
  10 boulder beetles
  A bog body (Crypt:2)
  33 two-headed ogres
  26 blink frogs
  3 alligator zombies
  4 raiju
  2 ushabtiu (Dis:4)
  A fire giant simulacrum (Vaults:4)
  2 ettin zombies
  10 shadows
  115 slime creatures
  A black mamba zombie (Dis:7)
  A wyvern (D:14)
  52 yaks
  An ettin skeleton (Dis:4)
  29 deep elf magi
  A guardian serpent skeleton (Crypt:2)
  19 trapdoor spiders
  65 flying skulls
  5 fire dragon zombies
  3 hungry ghosts
  3 air elementals (Depths:5)
  11 starcursed masses (Abyss:1)
  6 vampires
  27 tarantellas
  56 redbacks
  A spriggan (shapeshifter) (Vaults:2)
  2 tarantellas (shapeshifter) (Vaults:5)
  4 fire elementals
  A spriggan (D:7)
  16 hippogriffs
  2 ice dragon skeletons
  4 hogs (D:12)
  29 deep elf fighters
  18 wraiths
  8 basilisks
  16 humans
  A black mamba skeleton (Dis:4)
  A yak (shapeshifter) (Elf:2)
  9 water elementals
  Grum (D:8)
  38 wolves
  11 small abominations
  5 golden eyes (Slime:5)
  6 mottled dragons
  A hippogriff (shapeshifter) (Depths:4)
  A hog (shapeshifter) (Vaults:2)
  A soldier ant (shapeshifter) (Depths:2)
  A spatial vortex (Abyss:1)
  Menkaure (D:4)
  2 merfolk zombies
  2 neqoxecs (Abyss:1)
  A steam dragon (Lair:8)
  4 chaos spawn (Depths:4)
  12 wargs
  8 large abominations
  5 vampire mosquitoes
  7 porcupines
  A hydra simulacrum (Crypt:3)
  2 soldier ants
  8 swamp worms (Lair:2)
  An infernal demonspawn skeleton (Crypt:2)
  A yaktaur simulacrum (Vaults:1)
  44 orc warriors
  13 water moccasins
  27 hell hounds
  34 spiders
  13 black bears
  3 spiny frog zombies
  9 necrophages
  3 snapping turtle zombies
  7 boggarts
  2 swamp drakes (Depths:5)
  3 eyes of draining
  4 sky beasts
  A swamp drake (shapeshifter) (Vaults:5)
  2 black bears (shapeshifter)
  An ice beast (D:14)
  A manticore zombie (Dis:4)
  A blink frog zombie (Crypt:2)
  A spiny frog skeleton (Dis:5)
  7 phantoms
  33 centaurs
  3 wasps (Spider:4)
  54 ogres
  18 crocodiles
  A snapping turtle skeleton (Dis:4)
  18 giant frogs
  A wyvern skeleton (D:10)
  A hippogriff zombie (Crypt:1)
  5 killer bees (D:10)
  A troll zombie (Dis:6)
  7 scorpions
  7 crimson imps
  5 electric eels
  19 hounds
  14 wights
  A spriggan skeleton (Crypt:1)
  5 centaur zombies
  37 orc priests
  4 giant frog zombies
  A giant frog skeleton (D:4)
  6 quasits
  10 iguanas
  24 jellies
  44 iron imps
  35 orc wizards
  Terence (D:2)
  A human skeleton (Crypt:1)
  9 worker ants
  14 sheep
  An ogre zombie (Crypt:1)
  6 mummies
  19 adders
  A worker ant zombie (D:8)
  6 gnolls (Bailey)
  27 river rats
  3 shadow imps
  3 white imps
  4 ufetubi
  An ooze (D:1)
  An adder skeleton (D:9)
  An adder zombie (D:7)
  A lava snake zombie (Crypt:1)
  12 worms
  217 orcs
  2 giant cockroaches
  15 goblins
  13 hobgoblins
  16 jackals
  21 kobolds
  4 quokkas
  8 bats
  4 giant geckos
  A giant newt (D:3)
  A quokka skeleton (D:4)
  8 rats
  A crawling corpse (Vaults:5)
  8 fire vortices
  5 fungi
  22 plants
  A starspawn tentacle (Abyss:1)
3463 creatures vanquished.

Vanquished Creatures (collateral kills)
  An iron dragon (Dis:7)
  A fire giant zombie (Dis:7)
  A dire elephant zombie (Dis:7)
  A tormentor (Dis:7)
  A harpy zombie (Dis:7)
  A snapping turtle skeleton (Dis:7)
6 creatures vanquished.

Vanquished Creatures (others)
  A lich (Crypt:3)
  2 eldritch tentacles
  Donald (D:14)
  A fire giant (Vaults:5)
  A draconian knight (Zot:1)
  2 ironheart preservers
  A salamander stormcaller (Vaults:2)
  A necromancer (Vaults:2)
  A wind drake (Depths:5)
  A trapdoor spider (Spider:4)
  A redback (Spider:1)
  3 ogres
  A warg zombie (Crypt:1)
  2 orcs
  A goblin (Bailey)
  A bush (Lair:8)
  116 eldritch tentacle segments
  3 fire vortices
  11 fungi (Lair:8)
  3 lost souls (Crypt:3)
  22 plants
  2 starspawn tentacles (Abyss:1)
  20 starspawn tentacle segments (Abyss:1)
  3 tentacles (Shoals:4)
  10 tentacle segments (Shoals:4)
211 creatures vanquished.

Grand Total: 3680 creatures vanquished

Notes
Turn   | Place    | Note
--------------------------------------------------------------
     0 | D:1      | HungrySpirit the Minotaur Fighter began the quest for the Orb.
     0 | D:1      | Reached XP level 1. HP: 19/19 MP: 0/0
   385 | D:1      | Reached XP level 2. HP: 19/26 MP: 1/1
   949 | D:1      | Reached skill level 4 in Axes
  1028 | D:2      | Reached XP level 3. HP: 27/31 MP: 2/2
  1391 | D:2      | Reached skill level 5 in Axes
  1534 | D:2      | Noticed Terence
  1540 | D:2      | Killed Terence
  1540 | D:2      | Reached XP level 4. HP: 39/39 MP: 3/3
  2011 | D:3      | Reached skill level 6 in Axes
  2026 | D:3      | Found a white marble altar of Elyvilon.
  2254 | D:3      | Reached XP level 5. HP: 43/45 MP: 4/4
  2547 | D:3      | Noticed an ogre
  2549 | D:3      | Found a burning altar of Makhleb.
  2553 | D:3      | Killed an ogre
  2553 | D:3      | Reached skill level 7 in Axes
  2557 | D:3      | Found a snail-covered altar of Cheibriados.
  2560 | D:3      | Found a shimmering altar of Xom.
  2713 | D:4      | Found an iron altar of Okawaru.
  2731 | D:4      | Became a worshipper of Warmaster Okawaru
  2738 | D:4      | Reached XP level 6. HP: 51/51 MP: 5/5
  2977 | D:4      | Reached skill level 8 in Axes
  3037 | D:4      | Noticed Menkaure
  3043 | D:4      | Killed Menkaure
  3043 | D:4      | Reached * piety under Okawaru
  3043 | D:4      | Reached skill level 9 in Axes
  3060 | D:4      | Reached XP level 7. HP: 41/57 MP: 6/6
  3226 | D:5      | Entered Level 5 of the Dungeon
  3281 | D:5      | Found a stormy altar of Qazlal.
  3281 | D:5      | Noticed a fire elemental
  3334 | D:5      | Noticed a water elemental
  3334 | D:5      | Noticed an air elemental
  3497 | D:5      | Found an opulent altar of Gozag.
  3754 | D:6      | Reached skill level 10 in Axes
  4160 | D:6      | Reached skill level 11 in Axes
  4289 | D:6      | Reached ** piety under Okawaru
  4289 | D:6      | Reached XP level 8. HP: 64/64 MP: 7/7
  4364 | D:6      | Found a shadowy altar of Dithmenos.
  4745 | D:6      | Found a radiant altar of Vehumet.
  4745 | D:6      | Found a glowing silver altar of Zin.
  4790 | D:7      | Found a blossoming altar of Fedhas.
  4790 | D:7      | Found an ancient bone altar of Kikubaaqudgha.
  4953 | D:7      | Found a shattered altar of Ashenzari.
  5059 | D:7      | Found a staircase to the Ecumenical Temple.
  5117 | D:7      | Reached skill level 12 in Axes
  5148 | D:7      | Found a deep blue altar of Sif Muna.
  5462 | D:7      | Reached skill level 1 in Dodging
  5469 | D:7      | Reached skill level 13 in Axes
  5491 | D:7      | Found a sacrificial altar of Ru.
  5547 | D:7      | Reached *** piety under Okawaru
  5579 | D:8      | Noticed Psyche
  5581 | D:8      | Reached XP level 9. HP: 71/71 MP: 8/8
  5583 | D:8      | Paralysed by Psyche for 3 turns
  5590 | D:8      | Killed Psyche
  5590 | D:8      | Reached skill level 5 in Armour
  5632 | D:8      | Reached skill level 5 in Fighting
  5655 | D:8      | Noticed a fire drake
  5656 | D:8      | Found a staircase to the Lair.
  5664 | D:8      | Killed a fire drake
  5675 | D:8      | Noticed dorian's ghost (novice DsAK)
  5824 | D:7      | Gained mutation: Potions and wands are less effective at restoring your health. [potion of mutation]
  5824 | D:7      | Gained mutation: Your flesh is cold resistant. [potion of mutation]
  5824 | D:7      | Gained mutation: You are dopey. (Int -2) [potion of mutation]
  5944 | D:7      | Gained mutation: You tend to lose your temper in combat. [potion of mutation]
  5944 | D:7      | Gained mutation: You are frail (-10% HP). [potion of mutation]
  5944 | D:7      | Lost mutation: Potions and wands are less effective at restoring your health. [potion of mutation]
  5952 | D:7      | Identified a scroll of acquirement
  5953 | D:7      | Got a pair of warped gloves
  5980 | D:8      | Killed dorian's ghost
  5984 | D:8      | Noticed Grum
  6018 | D:8      | Killed Grum
  6060 | D:8      | Found a flagged portal.
  6073 | Bailey   | Entered a bailey
  6091 | Bailey   | Noticed an orc knight
  6102 | Bailey   | Killed an orc knight
  6102 | Bailey   | Reached **** piety under Okawaru
  6102 | Bailey   | Reached skill level 5 in Dodging
  6102 | Bailey   | Reached XP level 10. HP: 53/75 MP: 9/9
  6117 | Bailey   | Found an iron altar of Okawaru.
  6117 | Bailey   | Noticed a kobold demonologist
  6117 | Bailey   | Noticed a kobold demonologist
  6127 | Bailey   | Killed a kobold demonologist
  6146 | Bailey   | Killed a kobold demonologist
  6159 | Bailey   | Noticed an orc knight
  6180 | Bailey   | Killed an orc knight
  6180 | Bailey   | Reached skill level 14 in Axes
  6212 | Bailey   | Reached ***** piety under Okawaru
  6567 | Bailey   | Identified the +0 pair of gloves of the Echidna {rN+} (You acquired it on level 7 of the Dungeon)
  6888 | Bailey   | Got a dazzling cloak
  6900 | Bailey   | Identified the +0 cloak of the Salmon {rElec Int-3 Dex+11 Stlth+} (You acquired it in a bailey)
  6906 | Bailey   | Got a shimmering shield
  6976 | D:8      | Found a sacrificial altar of Ru.
  7465 | D:8      | Gained mutation: You are partially covered in rough black scales (AC +4, Dex -1). [potion of beneficial mutation]
  7522 | D:8      | Found a basalt altar of Yredelemnul.
  7756 | D:9      | Received a gift from Okawaru
  7756 | D:9      | Reached XP level 11. HP: 85/85 MP: 10/10
  8119 | D:10     | Entered Level 10 of the Dungeon
  8409 | D:10     | Noticed Fannar
  8434 | D:10     | Killed Fannar
  8530 | D:10     | Noticed a hill giant
  8539 | D:10     | Killed a hill giant
  8766 | D:10     | Noticed a hill giant
  8773 | D:10     | Killed a hill giant
  8773 | D:10     | Reached skill level 15 in Axes
  8789 | D:10     | Noticed Harold
  8800 | D:10     | Killed Harold
  8800 | D:10     | Reached skill level 10 in Fighting
  8852 | D:9      | Identified the +5 shield of Miracles {Str+3 SInv} (You acquired it in a bailey)
  8902 | Lair:1   | Entered Level 1 of the Lair of Beasts
  8909 | Lair:1   | Reached skill level 10 in Armour
  9707 | D:9      | Reached ****** piety under Okawaru
  9707 | D:9      | Reached XP level 12. HP: 87/97 MP: 11/11
  9794 | D:11     | Received a gift from Okawaru
  9959 | D:11     | Received a gift from Okawaru
 10052 | D:11     | Noticed Maurice
 10060 | D:11     | Killed Maurice
 10142 | D:11     | Found a staircase to the Orcish Mines.
 10310 | D:11     | Found Wiynirir's Weapon Shop.
 10592 | Orc:1    | Entered Level 1 of the Orcish Mines
 10952 | Orc:2    | Noticed Snorg
 11060 | Orc:2    | Killed Snorg
 11296 | Orc:2    | Found Zoth's Jewellery Shoppe.
 11318 | Orc:2    | Bought the ring "Osol" {rElec rPois rF+ Int+5 Dex+2} for 926 gold pieces
 11541 | Orc:2    | Reached skill level 16 in Axes
 11880 | Orc:2    | Reached skill level 10 in Dodging
 12023 | Orc:3    | Noticed Rupert
 12026 | Orc:3    | Paralysed by Rupert for 6 turns
 12036 | Orc:3    | Paralysed by Rupert for 2 turns
 12039 | Orc:3    | Killed Rupert
 12224 | Orc:3    | Noticed Nergalle
 12231 | Orc:4    | Entered Level 4 of the Orcish Mines
 12263 | Orc:4    | Killed Nergalle
 12521 | Orc:3    | Found Binovife's Book Shop.
 12801 | Orc:4    | Found a staircase to the Elven Halls.
 12906 | Orc:4    | Found a roughly hewn altar of Beogh.
 12906 | Orc:4    | Found Kuwum's Distillery.
 12930 | Orc:4    | Bought a potion of cure mutation for 385 gold pieces
 12930 | Orc:4    | Bought a potion of degeneration for 11 gold pieces
 12931 | Orc:4    | Lost mutation: You are frail (-10% HP). [potion of cure mutation]
 12931 | Orc:4    | Lost mutation: You are dopey. (Int -2) [potion of cure mutation]
 12931 | Orc:4    | Lost mutation: Your flesh is cold resistant. [potion of cure mutation]
 12931 | Orc:4    | Lost mutation: You tend to lose your temper in combat. [potion of cure mutation]
 12931 | Orc:4    | Lost mutation: You are partially covered in rough black scales (AC +4, Dex -1). [potion of cure mutation]
 12932 | Orc:4    | Gained mutation: Your system is resistant to poisons. [potion of beneficial mutation]
 12933 | Orc:4    | Gained mutation: You can translocate small distances at will. [potion of beneficial mutation]
 12934 | Orc:4    | Gained mutation: You are resistant to electric shocks. [potion of beneficial mutation]
 13004 | Orc:4    | Reached XP level 13. HP: 111/118 MP: 12/12
 13047 | Orc:4    | Noticed an orc warlord
 13079 | Orc:4    | Killed an orc warlord
 13192 | Orc:4    | Found Ludoud's Antique Armour Shoppe.
 13198 | Orc:4    | Found a roughly hewn altar of Beogh.
 13198 | Orc:4    | Found Xaruddup's Antique Weapon Emporium.
 13299 | Orc:4    | Found a roughly hewn altar of Beogh.
 13390 | Orc:4    | Found a roughly hewn altar of Beogh.
 13398 | Orc:4    | Found Uquot's Distillery.
 13414 | Orc:4    | Bought a potion of ambrosia for 96 gold pieces
 13460 | Orc:4    | Bought a pair of embroidered boots for 175 gold pieces
 13511 | Orc:4    | Found a roughly hewn altar of Beogh.
 13530 | Orc:4    | Found a roughly hewn altar of Beogh.
 14865 | Lair:2   | Reached skill level 17 in Axes
 15038 | Lair:3   | Received a gift from Okawaru
 15928 | Lair:3   | Identified a +2 pair of boots of running (Okawaru gifted it to you on level 3 of the Lair of Beasts)
 16156 | Lair:4   | Found a hole to the Spider Nest.
 16687 | Lair:5   | Reached XP level 14. HP: 106/129 MP: 11/13
 17443 | Lair:6   | Got a transparent glass ring
 17446 | Lair:6   | Identified the ring "Suoffaen" {Ice Str+4 Int+4} (You found it on level 6 of the Lair of Beasts)
 17753 | Lair:6   | Found a staircase to the Shoals.
 17782 | Lair:6   | Reached skill level 18 in Axes
 17783 | Lair:6   | Received a gift from Okawaru
 17833 | Lair:7   | Found a labyrinth entrance.
 17833 | Lair:7   | Noticed Maud
 17853 | Lair:7   | Killed Maud
 17866 | Lab      | Entered a labyrinth
 19279 | Lab      | Identified the Handbook of Self-Knowledge and Contamination
 19289 | Lab      | Got a pitted plate armour
 19289 | Lab      | Got a transparent copper ring
 19290 | Lab      | Identified the cursed +1 plate armour of the Valley of Death {rF+ Dex+5} (You found it in a labyrinth)
 19291 | Lab      | Identified the ring "Paraomom" {Ice Int+4} (You found it in a labyrinth)
 19404 | Lair:7   | Noticed Josephine
 19410 | Lair:7   | Killed Josephine
 20060 | Lair:8   | Entered Level 8 of the Lair of Beasts
 20132 | Lair:8   | Found a viscous altar of Jiyva.
 20133 | Lair:8   | Found a staircase to the Slime Pits.
 20143 | Lair:8   | Received a gift from Okawaru
 20407 | Lair:8   | Found a dark tunnel.
 20412 | Volcano  | Entered a volcano
 20669 | Lair:8   | Reached skill level 19 in Axes
 20742 | Lair:8   | Received a gift from Okawaru
 20742 | Lair:8   | Reached XP level 15. HP: 92/138 MP: 14/14
 22312 | D:12     | Reached skill level 20 in Axes
 22354 | D:12     | Received a gift from Okawaru
 22618 | D:12     | Noticed Kirke
 22646 | D:12     | Killed Kirke
 23310 | D:13     | Reached skill level 21 in Axes
 23476 | D:14     | Found a gate to the Vaults.
 23476 | D:14     | Noticed Norris
 23476 | D:14     | Noticed Donald
 23476 | D:14     | Noticed Azrael
 23480 | D:14     | Noticed Agnes
 23502 | D:14     | Killed Azrael
 23509 | D:14     | Killed Agnes
 23509 | D:14     | Reached XP level 16. HP: 147/147 MP: 13/15
 23513 | D:14     | Killed Donald
 23521 | D:14     | Killed Norris
 23622 | D:14     | Noticed Sonja
 23625 | D:14     | Killed Sonja
 23759 | D:14     | Reached skill level 22 in Axes
 23954 | D:14     | Received a gift from Okawaru
 24014 | D:15     | Entered Level 15 of the Dungeon
 24383 | D:15     | Found a shimmering altar of Xom.
 24487 | D:15     | Cast into the Abyss (an ogre mage)
 24488 | Abyss:1  | Found a corrupted altar of Lugonu.
 24543 | Abyss:1  | Found a shadowy altar of Dithmenos.
 24545 | Abyss:1  | Got a transparent plate armour
 24546 | Abyss:1  | Identified the +9 plate armour "Letrea" {MP+9} (You found it on level 1 of the Abyss)
 24576 | Abyss:1  | Reached skill level 23 in Axes
 24663 | Abyss:1  | Gained mutation: You expend magic power (3 MP) to strengthen your wands. [a neqoxec]
 24863 | Abyss:1  | Noticed an Executioner
 24870 | Abyss:1  | Killed an Executioner
 24898 | Abyss:1  | Noticed a tentacled starspawn
 24904 | Abyss:1  | Killed a tentacled starspawn
 24979 | Abyss:2  | Noticed a bone dragon
 25007 | Abyss:2  | Gained mutation: Your mind is acute. (Int +2) [potion of beneficial mutation]
 25118 | D:15     | Escaped the Abyss
 25148 | D:15     | Found a staircase to the Depths.
 25726 | Spider:1 | Entered Level 1 of the Spider Nest
 25858 | Spider:1 | Received a gift from Okawaru
 25867 | Spider:1 | Reached skill level 24 in Axes
 25935 | Spider:1 | HP: 4/147 [disintegration (52)]
 26370 | Spider:1 | Reached XP level 17. HP: 140/154 MP: 16/16
 26607 | Spider:1 | Noticed Frances
 26618 | Spider:1 | Killed Frances
 26696 | Spider:1 | Noticed Asterion
 26706 | Spider:1 | Killed Asterion
 27768 | Spider:3 | Reached skill level 25 in Axes
 28073 | Spider:4 | Entered Level 4 of the Spider Nest
 28128 | Spider:4 | Received a gift from Okawaru
 28128 | Spider:4 | Reached skill level 15 in Armour
 28257 | Spider:4 | Reached skill level 1 in Invocations
 28455 | Spider:4 | Noticed Arachne
 28478 | Spider:4 | Killed Arachne
 29286 | Spider:4 | Received a gift from Okawaru
 29419 | Spider:4 | Received a gift from Okawaru
 29466 | Spider:4 | Reached skill level 15 in Fighting
 29637 | Spider:4 | Got a gossamer rune of Zot
 30066 | Orc:2    | Bought an uncursed amulet of clarity for 320 gold pieces
 30396 | Shoals:1 | Entered Level 1 of the Shoals
 30402 | Shoals:1 | Reached XP level 18. HP: 163/163 MP: 19/19
 30441 | Shoals:1 | Received a gift from Okawaru
 30931 | Shoals:2 | Found Vomowau's Weapon Emporium.
 31945 | Shoals:3 | Received a gift from Okawaru
 31982 | Shoals:3 | Got a pair of pitted boots {god gift}
 31983 | Shoals:3 | Identified the +0 pair of boots "Xoso Mink" {rF- MR++ rCorr MP+9} (Okawaru gifted it to you on level 3 of the Shoals)
 32005 | Shoals:3 | Reached skill level 5 in Invocations
 32536 | Shoals:4 | Entered Level 4 of the Shoals
 32543 | Shoals:4 | Noticed ventricule's ghost (adept OgBe)
 32560 | Shoals:4 | Killed ventricule's ghost
 33000 | Shoals:4 | Reached skill level 26 in Axes
 33191 | Shoals:4 | Got a barnacled rune of Zot
 33323 | Shoals:4 | Noticed Ilsuiw
 33361 | Shoals:4 | HP: 8/166 [water elemental[Ilsuiw] (6)]
 33655 | Shoals:4 | Received a gift from Okawaru
 33674 | Shoals:4 | Killed Ilsuiw
 34066 | Slime:1  | Entered Level 1 of the Pits of Slime
 34093 | Slime:1  | Reached XP level 19. HP: 97/172 MP: 22/22
 34355 | Slime:1  | Reached skill level 15 in Dodging
 34495 | Slime:3  | Received a gift from Okawaru
 35113 | Slime:5  | Gained mutation: You are frail (-10% HP). [a shining eye]
 35125 | Slime:5  | Received a gift from Okawaru
 35153 | Slime:5  | Lost mutation: You are resistant to electric shocks. [potion of cure mutation]
 35153 | Slime:5  | Lost mutation: You are frail (-10% HP). [potion of cure mutation]
 35153 | Slime:5  | Lost mutation: Your mind is acute. (Int +2) [potion of cure mutation]
 35153 | Slime:5  | Lost mutation: Your system is resistant to poisons. [potion of cure mutation]
 35225 | Slime:5  | Noticed UristPineapples's ghost (adept DDFi)
 35236 | Slime:5  | Killed UristPineapples's ghost
 35297 | Slime:6  | Entered Level 6 of the Pits of Slime
 35434 | Slime:6  | Noticed crauler's ghost (legendary OgWr)
 35477 | Slime:6  | Killed crauler's ghost
 35477 | Slime:6  | Received a gift from Okawaru
 35617 | Slime:6  | Noticed the royal jelly
 35634 | Slime:6  | Killed the royal jelly
 35661 | Slime:6  | Reached XP level 20. HP: 181/184 MP: 25/25
 35714 | Slime:6  | Got a slimy rune of Zot
 36355 | Elf:1    | Entered Level 1 of the Elven Halls
 37091 | Elf:1    | Received a gift from Okawaru
 37620 | Elf:2    | Found a runed gate.
 37622 | Elf:2    | Found a runed gate.
 37625 | Elf:2    | Found a runed gate.
 37842 | Elf:3    | Entered Level 3 of the Elven Halls
 37902 | Elf:3    | Reached skill level 10 in Invocations
 38360 | Elf:3    | Got a coiled tin ring
 38412 | Elf:3    | Received a gift from Okawaru
 38434 | Elf:3    | Identified the ring of Tic Sih {rN+ Str+3} (You took it off a deep elf sorcerer on level 3 of the Elven Halls)
 39358 | Vaults:1 | Entered Level 1 of the Vaults
 39524 | Vaults:1 | Found a flickering gateway to a bazaar.
 39545 | Bazaar   | Entered a bazaar
 39547 | Bazaar   | Found Vuorroill's Armour Boutique.
 39551 | Bazaar   | Found Caavvulol's Book Boutique.
 39551 | Bazaar   | Found Udiviw's Distillery.
 39551 | Bazaar   | Found Mamneure's Antique Armour Boutique.
 39581 | Bazaar   | Bought a potion of agility for 28 gold pieces
 39581 | Bazaar   | Bought a potion of curing for 21 gold pieces
 39581 | Bazaar   | Bought a potion of cancellation for 56 gold pieces
 39581 | Bazaar   | Bought a potion of curing for 21 gold pieces
 39581 | Bazaar   | Bought a potion of might for 28 gold pieces
 39581 | Bazaar   | Bought a potion of resistance for 70 gold pieces
 40074 | Vaults:1 | Received a gift from Okawaru
 40084 | Vaults:1 | Got a shimmering executioner's axe {god gift}
 40085 | Vaults:1 | Identified the +6 executioner's axe of Grandeur {chop, Int+6} (Okawaru gifted it to you on level 1 of the Vaults)
 40205 | Vaults:1 | Reached XP level 21. HP: 195/195 MP: 28/28
 40812 | Vaults:2 | Noticed Margery
 40820 | Vaults:2 | Killed Margery
 40820 | Vaults:2 | Received a gift from Okawaru
 41201 | Vaults:2 | Found a staircase to the Crypt.
 41201 | Vaults:2 | Found an ancient bone altar of Kikubaaqudgha.
 41202 | Vaults:2 | Found a basalt altar of Yredelemnul.
 41303 | Vaults:2 | Received a gift from Okawaru
 41824 | Vaults:3 | Found a portal to a secret trove of treasure.
 42057 | Vaults:3 | Received a gift from Okawaru
 42776 | Vaults:3 | Received a gift from Okawaru
 42896 | Vaults:4 | Reached XP level 22. HP: 206/206 MP: 30/30
 43024 | Vaults:4 | Noticed Jorgrun
 43035 | Vaults:4 | Killed Jorgrun
 43145 | Vaults:4 | Noticed Xtahua
 43161 | Vaults:4 | Killed Xtahua
 43342 | Vaults:4 | Received a gift from Okawaru
 44092 | Vaults:5 | Entered Level 5 of the Vaults
 44109 | Vaults:5 | Received a gift from Okawaru
 44168 | Vaults:5 | Received a gift from Okawaru
 44308 | Vaults:5 | Got a steaming silver ring
 44309 | Vaults:5 | Identified the ring "Raynn" {Wiz +Blink} (You found it on level 5 of the Vaults)
 44475 | Vaults:5 | Reached skill level 15 in Invocations
 44632 | Vaults:5 | Reached XP level 23. HP: 173/216 MP: 33/33
 44807 | Vaults:5 | Received a gift from Okawaru
 44996 | Vaults:5 | Noticed an ancient lich
 45009 | Vaults:5 | Killed an ancient lich
 45182 | Vaults:5 | Got a silver rune of Zot
 46040 | Depths:1 | Entered Level 1 of the Depths
 46104 | Depths:1 | Received a gift from Okawaru
 46125 | Depths:1 | Got a pair of dazzling boots
 46126 | Depths:1 | Identified the +2 pair of boots "Qity" {+Fly rPois rCorr Dex+3} (You acquired it on level 1 of the Depths)
 46286 | Depths:1 | Found Ubbuf's Antique Weapon Shoppe.
 46420 | Depths:1 | Found a one-way gate leading to the halls of Pandemonium.
 46448 | Depths:1 | Found a gateway to Hell.
 47207 | Depths:2 | Reached XP level 24. HP: 186/228 MP: 34/34
 47210 | Depths:2 | Noticed a juggernaut
 47227 | Depths:2 | Killed a juggernaut
 47250 | Depths:2 | Received a gift from Okawaru
 47454 | Depths:2 | Noticed a juggernaut
 47467 | Depths:2 | Killed a juggernaut
 48005 | Depths:3 | Received a gift from Okawaru
 48582 | Depths:3 | Noticed a juggernaut
 48590 | Depths:3 | Killed a juggernaut
 49235 | Depths:4 | Found a one-way gate to the infinite horrors of the Abyss.
 49405 | Depths:4 | Received a gift from Okawaru
 49434 | Depths:4 | Found a corrupted altar of Lugonu.
 49472 | Depths:4 | Found a gateway to a ziggurat.
 49818 | Depths:5 | Entered Level 5 of the Depths
 50709 | Depths:5 | Reached XP level 25. HP: 229/233 MP: 35/35
 50795 | Depths:5 | Found a gate to the Realm of Zot.
 50873 | Depths:5 | Received a gift from Okawaru
 51559 | Vaults:3 | You paid a toll of a +3 gold dragon armour to enter a treasure trove
 51560 | Trove    | Entered a treasure trove
 51597 | Trove    | Got a jewelled cloak
 51598 | Trove    | Identified the +4 cloak "Vimm" {*Confuse rF++ Str+4} (You found it in a treasure trove)
 51601 | Trove    | Got a crystal executioner's axe
 51602 | Trove    | Identified the +0 executioner's axe of Wiolod {drain, Int+2 Dex+5} (You found it in a treasure trove)
 52071 | Zot:1    | Entered Level 1 of the Realm of Zot
 52243 | Zot:1    | Received a gift from Okawaru
 53658 | Zot:3    | Reached XP level 26. HP: 239/244 MP: 36/36
 53662 | Zot:3    | Received a gift from Okawaru
 53680 | Zot:3    | Got a pitted executioner's axe {god gift}
 53681 | Zot:3    | Identified the +0 executioner's axe of Axo Jies {antimagic, Dex+3} (Okawaru gifted it to you on level 3 of the Realm of Zot)
 54997 | Zot:5    | Entered Level 5 of the Realm of Zot
 55647 | Temple   | Entered the Ecumenical Temple
 55711 | Temple   | Fell from the grace of Okawaru
 55711 | Temple   | Became a worshipper of the Shining One
 55998 | Crypt:1  | Entered Level 1 of the Crypt
 55998 | Crypt:1  | Noticed Jory
 56021 | Crypt:1  | Reached * piety under the Shining One
 56032 | Crypt:1  | Killed Jory
 56434 | Crypt:1  | Reached ** piety under the Shining One
 56596 | Crypt:1  | Noticed Mara
 56602 | Crypt:1  | Noticed HungrySpirit's illusion
 56671 | Crypt:1  | Killed Mara
 57012 | Crypt:1  | Reached *** piety under the Shining One
 57344 | Crypt:2  | Reached **** piety under the Shining One
 57734 | Crypt:3  | Entered Level 3 of the Crypt
 57734 | Crypt:3  | Reached ***** piety under the Shining One
 57907 | Crypt:3  | Reached ****** piety under the Shining One
 57985 | Crypt:3  | Found a basalt altar of Yredelemnul.
 58324 | Crypt:3  | Reached XP level 27. HP: 260/260 MP: 36/36
 58413 | Crypt:3  | Got a warped pewter ring
 58420 | Crypt:3  | Identified the ring "Omechir" {rF+ rN+} (You found it on level 3 of the Crypt)
 58424 | Crypt:3  | Got a bound steel ring
 58425 | Crypt:3  | Identified the ring "Eckutt" {rPois rN+ Int+4} (You found it on level 3 of the Crypt)
 58804 | Crypt:3  | Found a staircase to the Tomb.
 59404 | Temple   | Identified a +9 executioner's axe of holy wrath (a +7 vampiric executioner's axe blessed by the Shining One)
 59404 | Temple   | Received a gift from the Shining One
 59783 | Tomb:1   | Entered Level 1 of the Tomb of the Ancients
 60143 | Hell     | Entered the Vestibule of Hell
 60143 | Hell     | Noticed Geryon
 60168 | Hell     | Killed Geryon
 60334 | Hell     | Found a gateway to the Iron City of Dis.
 60339 | Dis:1    | Entered Level 1 of the Iron City of Dis
 61589 | Dis:3    | Found a huge runed gate.
 61597 | Dis:3    | Found a huge runed gate.
 61597 | Dis:3    | Found a huge runed gate.
 61597 | Dis:3    | Found a huge runed gate.
 61598 | Dis:3    | Found a huge runed gate.
 61598 | Dis:3    | Found a huge runed gate.
 61598 | Dis:3    | Found a huge runed gate.
 61598 | Dis:3    | Found a huge runed gate.
 61598 | Dis:3    | Found a huge runed gate.
 61598 | Dis:3    | Found a huge runed gate.
 61599 | Dis:3    | Found a huge runed gate.
 61599 | Dis:3    | Found a huge runed gate.
 61600 | Dis:3    | Found a huge runed gate.
 61601 | Dis:3    | Found a huge runed gate.
 63107 | Dis:7    | Entered Level 7 of the Iron City of Dis
 63673 | Dis:7    | Was forgiven by Okawaru
 65935 | Dis:7    | Noticed Dispater
 65944 | Dis:7    | Killed Dispater
 65944 | Dis:7    | Killed from afar by a Brimstone Fiend

Action                   |  1- 3 |  4- 6 |  7- 9 | 10-12 | 13-15 | 16-18 | 19-21 | 22-24 | 25-27 || total
-------------------------+-------+-------+-------+-------+-------+-------+-------+-------+-------++-------
Melee: War axe           |    87 |    78 |   267 |   120 |       |       |       |       |       ||   552
       Broad axe         |       |       |       |   460 |       |       |       |       |       ||   460
       Battleaxe         |       |       |       |   258 |   997 |       |       |       |       ||  1255
       Executioner's axe |       |       |       |       |   190 |  1423 |  1263 |  1268 |  2167 ||  6311
Throw: Throwing net      |       |       |       |       |     1 |     6 |       |       |       ||     7
Invok: Heroism           |       |       |       |     5 |     9 |     3 |       |       |       ||    17
       Finesse           |       |       |       |       |     1 |     1 |       |     1 |       ||     3
       Cleansing Flame   |       |       |       |       |       |       |       |       |    24 ||    24
       Summon Divine War |       |       |       |       |       |       |       |       |     2 ||     2
       Brand Weapon With |       |       |       |       |       |       |       |       |     1 ||     1
Evoke: Wand              |       |       |       |       |    18 |     3 |     5 |       |       ||    26
  Use: Potion            |       |       |    10 |     7 |       |     7 |     3 |     2 |     9 ||    38
       Scroll            |       |       |    19 |    12 |    11 |    16 |     7 |     8 |    21 ||    94
 Stab: Held in net/web   |       |       |       |       |     1 |     8 |       |       |     1 ||    10
       Invisible         |       |       |       |       |    13 |    10 |       |       |       ||    23
       Petrified         |       |       |       |       |     1 |       |       |       |       ||     1
       Paralysed         |       |       |       |       |       |       |       |     1 |       ||     1
  Eat: Chunk             |     2 |     5 |     9 |    31 |    25 |     5 |     5 |     6 |     3 ||    91
       Fruit             |       |       |     4 |     3 |    11 |     2 |     3 |     3 |     4 ||    30
       Beef jerky        |       |       |       |       |     5 |    12 |    11 |     1 |     5 ||    34
       Meat ration       |       |       |       |       |     1 |     2 |       |       |     1 ||     4
       Pizza             |       |       |       |       |       |     3 |       |     1 |       ||     4
       Royal jelly       |       |       |       |       |       |     1 |       |     2 |     2 ||     5
       Bread ration      |       |       |       |       |       |       |     1 |     2 |    19 ||    22
